Cogmind - Beta 13 @@@ ROGUE MODE // 2024.04.07 @ 23:03:24 Player: ScarletApple Result: Destroyed by H2-GJ9(R) with Subdweller Beam Cannon Performance ------------- Evolutions (0) 0 Regions Visited (2) 400 Robots Destroyed (8) 40 Value Destroyed (276) 276 Prototype IDs (0) 0 Alien Tech Used (0) 0 Bonus (0) 0 TOTAL SCORE: 716 Bonus ------- None Cogmind --------- Core Integrity 0/250 Matter 300/300 Energy 45/100 System Corruption 0% Temperature Cool (15) Movement Treading (160) Location -10/Subcaves Parts ------- > --- POWER (1) -------- (None) > --- PROPULSION (2) --- Light Treads Light Treads > --- UTILITY (2) ------ (None) > --- WEAPON (2) ------- Small Laser > --- INVENTORY (5) ---- Aluminum Leg Aluminum Leg Medium Storage Unit Peak State ------------ > --- POWER ------------ (None) > --- PROPULSION ------- Light Treads Light Treads > --- UTILITY ---------- Large Storage Unit Large Battery > --- WEAPON ----------- Small Laser Mining Laser > --- INVENTORY -------- Aluminum Leg Aluminum Leg Aluminum Leg Aluminum Leg Heat Sink Improved Heat Sink Disposable Heat Sink Medium Storage Unit Large Battery Scrap Shield Small Laser Scrap Shield Fragment Scrap Shield Fragment [Rating: 8] Favorites ----------- Power Light Ion Engine Engine Light Ion Engine Propulsion Wheel Treads Light Treads Wheel Wheel Utility Large Battery Storage Large Battery Protection Scrap Shield Weapon Small Laser Energy Gun Small Laser Special Weapon Mining Laser Build | -11 -10 -10 ------- Run | Yrd Mat Sub Slots Evolved . | . . . Power . | . . . Propulsion . | . . . Utility . | . . . Weapon . | . . . Parts Attached 19 | 6 11 2 Power 2 | 1 1 . Engine 2 | 1 1 . Core . | . . . Reactor . | . . . Propulsion 4 | 2 2 . Treads 2 | . 2 . Leg . | . . . Wheel 2 | 2 . . Hover . | . . . Flight . | . . . Utility 7 | 1 4 2 Device . | . . . Storage 6 | 1 4 1 Processor . | . . . Hackware . | . . . Protection 1 | . . 1 Artifact . | . . . Weapon 6 | 2 4 . Energy Gun 4 | 2 2 . Energy Cannon . | . . . Ballistic Gun . | . . . Ballistic Cannon . | . . . Launcher . | . . . Special Weapon 2 | . 2 . Impact Weapon . | . . . Slashing Weapon . | . . . Piercing Weapon . | . . . Special Melee Weapon . | . . . Unidentified Prototypes . | . . . Parts Lost 7 | . 5 2 Power 2 | . 2 . Propulsion 1 | . 1 . Utility 1 | . . 1 Weapon 3 | . 2 1 Highest Loss Streak 3 | . 3 2 To Critical Strikes . | . . . Average Slot Usage (%) 86 | . 87 82 Engine 7 | . 9 . Treads 11 | . 8 28 Wheel 15 | . 18 . Storage 22 | . 22 24 Energy Gun 21 | . 22 14 Special Weapon 6 | . 4 13 Naked Turns . | . . . Heaviest Build 30 | 10 30 25 Greatest Support 40 | 20 40 40 Greatest Overweight (x) 1 | . 1 . Average Overweight (x) . | . . . Largest Inventory Capacity 15 | 8 15 15 Average Capacity 9 | 6 9 13 Most Carried 15 | 4 10 15 Average Carried 5 | 2 5 11 Final Capacity 10 | 8 10 5 Final Carried 10 | 4 10 3 Class Distribution -------------------- 100% | Mutant Dominant Class ---------------- Mutant | -10/Materials Mutant | -10/Subcaves Resources | -11 -10 -10 ----------- Run | Yrd Mat Sub Matter Collected 360 | 223 117 20 Remotely . | . . . Salvage Created 203 | . 191 12 Parts 12 | . 10 2 Haulers Intercepted . | . . . Recyclers Shooed . | . . . Parts Field Recycled . | . . . Retrieved Matter . | . . . Parts Self-Destructed 1 | . . 1 Prevented . | . . . Kills | -11 -10 -10 ------- Run | Yrd Mat Sub Combat Hostiles Destroyed 8 | . 7 1 Guns 5 | . 5 . Cannons 2 | . 1 1 AOE 1 | . 1 . Classes Destroyed 3 | . 2 1 Swarmer 2 | . 2 . Grunt 5 | . 5 . Subdweller 1 | . . 1 Best Kill Streak 3 | . 3 1 Combat Bots Only 3 | . 3 1 Max Kills in Single Turn 1 | . 1 1 Gunslinging . | . . . Exploded 1 | . 1 . Melee . | . . . Uniques/NPCs Destroyed . | . . . Combat | -11 -10 -10 -------- Run | Yrd Mat Sub Hostile Shots Fired 100 | . 69 31 Missed 23 | . 16 7 Damage Taken 1134 | . 582 552 Core 261 | . 149 112 Absorbed by Shields . | . . . Core Remaining (%) 100 | 100 . . Volleys Fired 42 | . 30 12 Largest 2 | . 2 2 Hottest 140 | . 140 140 Shots Fired 70 | . 56 14 Gun 63 | . 51 12 Cannon . | . . . Launcher . | . . . Special 7 | . 5 2 Kinetic . | . . . Thermal 70 | . 56 14 Explosive . | . . . Electromagnetic . | . . . Robot Hit Streak 8 | . 8 4 Robot Miss Streak 3 | . 3 2 Penetration Max . | . . . Secondary Targets . | . . . Shots Hit Robots 48 | . 38 10 Core Hits 17 | . 13 4 Critical Kills . | . . . Critical Parts Destroyed . | . . . Critical Strikes . | . . . Melee Attacks . | . . . Impact . | . . . Slashing . | . . . Piercing . | . . . Sneak Attacks . | . . . Combat Hostiles . | . . . Follow-up Attacks . | . . . Damage Inflicted 712 | . 577 135 Guns 517 | . 406 111 Cannons . | . . . Explosions 123 | . 123 . Melee . | . . . Ramming . | . . . Kinetic . | . . . Thermal 712 | . 577 135 Explosive . | . . . Electromagnetic . | . . . Impact . | . . . Slashing . | . . . Piercing . | . . . Highest Corruption . | . . . Average Corruption . | . . . Corruption Purged . | . . . Corruption Blocked . | . . . Overload Shots . | . . . Overflow Damage 35 | . 35 . Projectiles . | . . . Explosions 35 | . 35 . Melee . | . . . Knockbacks . | . . . Impact . | . . . Kinetic . | . . . Secondary . | . . . Self-Inflicted Damage . | . . . Shots . | . . . Rammed . | . . . Targets Rammed . | . . . Kicked . | . . . Crushed . | . . . Highest Temperature 214 | . 214 . Average Temperature 108 | . 108 . Received Heat Transfer 387 | . 240 147 Siege Activations . | . . . Robots Corrupted . | . . . Combat Hostiles . | . . . Parts Fried . | . . . Impact Corruptions . | . . . Robots Melted . | . . . Combat Hostiles . | . . . Parts Melted 3 | . 3 . Heat Transferred 1425 | . 1125 300 Parts Sabotaged . | . . . Parts Stolen . | . . . Parts Stripped . | . . . Power Chain Reactions . | . . . Alert | -11 -10 -10 ------- Run | Yrd Mat Sub Peak Influence 177 | . 177 . Initial . | . . . Average 74 | . 81 . Maximum Alert Level . | . . . Low Security (%) 100 | 100 100 . Level 1 . | . . . Level 2 . | . . . Level 3 . | . . . Level 4 . | . . . Level 5 . | . . . High Security . | . . . Max Security . | . . . Squads Dispatched 1 | . 1 . Investigation . | . . . Extermination . | . . . Reinforcement 1 | . 1 . Assault . | . . . Garrison . | . . . Intercept . | . . . Searches Triggered . | . . . Construction Impeded . | . . . Haulers Reinforced . | . . . Active Scanning Responses . | . . . Cargo Convoy Interrupts . | . . . Stealth | -11 -10 -10 --------- Run | Yrd Mat Sub Distress Signals . | . . . Communications Jammed . | . . . Distress Signals . | . . . Times Spotted 24 | . 15 9 Peak Tracking Total 6 | . 5 6 Tactical Retreats 1 | . 1 . Traps | -11 -10 -10 ------- Run | Yrd Mat Sub Traps Triggered . | . . . Indirectly . | . . . Trap Hack Attempts . | . . . Triggered . | . . . Disarmed . | . . . Reprogrammed . | . . . Reused . | . . . Traps Extracted . | . . . Installed . | . . . Triggered 2 | . . 2 Machines | -11 -10 -10 ---------- Run | Yrd Mat Sub Machines Disabled 2 | . 2 . Max in Single Turn 2 | . 2 . Machines Repaired . | . . . Machines Dismantled . | . . . Machines Sabotaged . | . . . Overloaded Fab Kills . | . . . Hacking | -11 -10 -10 --------- Run | Yrd Mat Sub Machines Accessed 1 | . 1 . Terminals 1 | . 1 . Fabricators . | . . . Repair Stations . | . . . Recycling Units . | . . . Scanalyzers . | . . . Garrison Access . | . . . Total Hacks 1 | . 1 . Successful 1 | . 1 . Failed . | . . . Catastrophic . | . . . Database Lockouts . | . . . Manual . | . . . Terminals 1 | . 1 . Fabricators . | . . . Repair Stations . | . . . Recycling Units . | . . . Scanalyzers . | . . . Garrison Access . | . . . Terminal Hacks 1 | . 1 . Record 1 | . 1 . Fabricator Hacks . | . . . Repair Station Hacks . | . . . Recycling Unit Hacks . | . . . Scanalyzer . | . . . Garrison Access Hacks . | . . . Unauthorized Hacks . | . . . Terminals . | . . . Fabricators . | . . . Repair Stations . | . . . Recycling Units . | . . . Scanalyzers . | . . . Garrison Access . | . . . Data Cores Recovered . | . . . Used . | . . . Hacking Detections . | . . . Full Trace Events . | . . . Feedback Events . | . . . Feedback Blocked . | . . . Robot Schematics Acquired . | . . . Robots Built . | . . . Authchips . | . . . Time . | . . . Total Robot Build Rating . | . . . Part Schematics Acquired . | . . . Parts Built . | . . . Authchips . | . . . Time . | . . . Total Part Build Rating . | . . . Parts Repaired . | . . . Time . | . . . Parts Recycled . | . . . Recycled Matter . | . . . Retrieved Matter . | . . . Retrieved Components . | . . . Parts Scanalyzed . | . . . Part Schematics Acquired . | . . . Parts Damaged . | . . . Bothacking | -11 -10 -10 ------------ Run | Yrd Mat Sub Used RIF Installer . | . . . Robots Hacked . | . . . Non-combat . | . . . Combat . | . . . Robot Hacks Applied . | . . . Relay Couplers Released . | . . . Fabnet Peak Effective % . | . . . Robots Rewired . | . . . Allies Hacked . | . . . Hacks Repelled . | . . . Allies | -11 -10 -10 -------- Run | Yrd Mat Sub Total Allies . | . . . Largest Group . | . . . Highest-Rated Group . | . . . Highest-Rated Ally . | . . . Total Orders . | . . . Ally Attacks . | . . . Total Damage . | . . . Kills . | . . . Allies Corrupted . | . . . Allies Melted . | . . . Intel | -11 -10 -10 ------- Run | Yrd Mat Sub Robot Analysis Total . | . . . Derelict Logs Recovered 1 | . . 1 Drone Launches . | . . . Drone Recoveries . | . . . Exploration | -11 -10 -10 ------------- Run | Yrd Mat Sub Turns Passed 964 | 68 758 138 Spaces Moved 736 | 71 603 62 Core 4 | 4 . . Treads 200 | . 138 62 Legs . | . . . Wheels 532 | 67 465 . Hover . | . . . Flight . | . . . Fastest Speed 50 | 50 80 160 Average Speed 101 | 78 98 160 Slowest Speed 160 | 80 160 160 Overloaded Moves . | . . . Propulsion Burnouts . | . . . Robots Hopped . | . . . Cave-ins Triggered . | . . . Exploration Rate (%) 25 | 3 68 5 Regions Visited 2 Branch Regions 1 Pre-discovered Areas . | . . . Known Exits Taken . | . . . Unknown Exits Taken 2 | 1 1 . Scrap Searched . | . . . Spaces Dug . | . . . Terrain Destroyed 24 | . 24 . Melee . | . . . Projectile . | . . . AOE 24 | . 24 . Terrain Rammed . | . . . Walls Destroyed . | . . . Machines Disabled . | . . . Actions | -11 -10 -10 --------- Run | Yrd Mat Sub Total 866 | 80 701 85 Wait 44 | . 43 1 Move 734 | 70 602 62 Hop . | . . . Pick Up 18 | 4 9 5 Fast Attach 8 | 6 2 . Attach 7 | . 6 1 Detach 3 | . 3 . Swap 4 | . 3 1 Drop 6 | . 3 3 Fire 42 | . 30 12 Melee . | . . . Ram . | . . . Kick . | . . . Crush . | . . . Escape Stasis . | . . . Rewire . | . . . Trap . | . . . Miscellaneous . | . . . Route ------- -11/Scrapyard -10/Materials (discovered 4 exits: [*Mat x2] / [*Min] / [*Sub]) -10/Subcaves History --------- Turn | Location | Event 14 | -11/Scrapyard | Discovered new exit (range 16) 69 | -11/Scrapyard | Entered Materials 191 | -10/Materials | Discovered new exit (range 16) 292 | -10/Materials | Discovered new exit (range 7) 300 | -10/Materials | Discovered new exit (range 16) 305 | -10/Materials | Build established: Mutant 567 | -10/Materials | Core integrity fell below 50% 592 | -10/Materials | Lost 3 parts (1p1n1w) 749 | -10/Materials | Discovered new exit (range 9) 827 | -10/Materials | Entered Subcaves 930 | -10/Subcaves | Ambushed by swarm of Subdwellers 940 | -10/Subcaves | Ambushed by Subdwellers from Twisted Machinery 949 | -10/Subcaves | Core integrity fell below 20% 965 | -10/Subcaves | Destroyed by H2-GJ9(R) with Subdweller Beam Cannon Last Messages --------------- 00943_ Dropped Lrg. Storage Unit. 00944_ Dropped Lrg. Battery. 00946_ HV Slug penetrates 8Q-UAV(R). 00946_ 8Q-UAV(R) suffers critical hit (Destroy). 00946_ 8Q-UAV(R) destroyed. 00949_ T3-F4O(R) suffers critical hit (Destroy). 00952_ HV Slug penetrates Wall. 00952_ HV Slug penetrates Earth. 00952_ H2-GJ9(R) affixes Scrap Shield Fragment to Scrap Shield. 00952_ T3-F4O(R) destroyed. 00953_ Mining Laser destroyed. 00955_ HV Slug penetrates YK-58O(R). 00955_ YK-58O(R) suffers critical hit (Destroy). 00956_ H2-GJ9(R) affixes Scrap Shield Fragment to Scrap Shield. 00957_ HV Slug penetrates H2-GJ9(R). 00957_ H2-GJ9(R) suffers critical hit (Destroy). 00957_ HV Slug penetrates Wall. 00960_ Scrap Shield destroyed. 00960_ H2-GJ9(R) affixes Scrap Shield Fragment to Scrap Shield. 00963_ HV Slug penetrates Wall. Map ----- +----------------------------------------------------+ | ?????????????????????????????????????????????????? | | ?????????????????????????????????????????????????? | | ?????????????????????????????????????????????????? | | ?????????????????????????????????????????????????? | | ?????????????????????????????????????????????????? | | ?????????????????????????????????????????????????? | | ?????????????????????????????????????????????????? | | ?????????????????????????????????????????????????? | | ?????????????????????????????????????????????????? | | ?????????????????????????????????????????????????? | | ?????????????????????????????????????????????????? | | ?????????????????????????????????????????????????? | | ?????????????????????????????????????????????????? | | ?????????????????????????????????????????????????? | | ?????????????????????????????????????????????????? | | ?????????????????????????????????????????????????? | | ??????????????????????????????? ?????????????????? | | ???????????????????????????????""""??????????????? | | ??????????????????????????????? " " ""???????????? | | ?????????????????????????????? """ "???????????? | | ?????????????????????????????? "" #???????????? | | ?????????????????????##??????? #????????????? | | ?????????????????????#;#####?# # ##???????????? | | ???????????????????# ## R#!## """#???????????? | | ???????????????????#" ]%*[!! #"" ####????????? | | ???????????????????# !%[@!=&"" "#????????? | | ???????????????????# %R #!h=!;; #?????????? | | ???????????????????#; %%R&* = ##??????????? | | ?????????????????# # !&=&= % ##???????????? | | ?????????????????#??### # ; !%= ##????????????? | | ??????????????????????####;%;; ;##?????????????? | | ????????????????????????###; ;;#??????????????? | | ????????????????????##### ## ;;##??????????????? | | ????????????????????# ###???????????????? | | ????????????????????## ### ###???????????? | | ?????????????????????# #???????????? | | ????????????????????## #??????????? | | ???????????????????## ### #??????????? | | ??????????????????## ## #???????????????? | | ??????????????????# ### #??????????????? | | ??????????????????# ### #??????????????? | | ?????????????????## %= #? #?????????????? | | ??????###???###### ##?# ##?????????????? | | ??????# ##### "# #???###??????????????? | | ?????## ## #????????????????????? | | ?## ## #????????????????????? | | ## #### ## #????????????????????? | | = #??#### ### #????????????????????? | | #?????## #?#####????????????????????? | | ###### ##??????######??????????????????????????? | +----------------------------------------------------+ Best States ------------- Heat Dissipation 25 Energy Generation 10 Energy Capacity 325 Matter Stores 300 Matter Capacity 300 Sight Range 16 Terrain Scan Density 10 Armor Coverage 800 Evasion (%) 44 Recoil Reduction 2 Item Schematics ----------------- None Robot Schematics ------------------ None Fabricated ------------ Nothing Alien Tech Used ----------------- None Achievements -------------- None Challenges ------------ None Game ------ Seed EfficiencyCompositeArchive Manual? 0 Play Time 00:21:30 Cumulative 5.3 hours Start 2024.04.07 @ 22:14:18 End 2024.04.07 @ 23:03:24 Sessions 1 Manual Loads 0 Difficulty Rogue Special Mode None Game No. 8 Rogue 8 Adventurer 0 Explorer 0 Win Type - Total 0 Types 0/0/0/0/0/0/0/0/0 Lore% 7 Gallery% 8 Achievement% 8 Wizard Run 0 Options --------- Layout 1 ASCII 0 Keyboard 1 Movement Arrows Keybinds 0 Fullscreen 2 Font 32/SmallcapsGlow Map View 77x35 Zoom Use 0% Tactical HUD 1 Map Filters NONE Filters NONE Steam 1 RUN: bdb56c2a-bade-49ae-9a23-aaf804f840d9